 Dungeon Crawl Stone Soup version 0.20-a0-331-g5b3579f (webtiles) character file.

73 ThermosAquaticus the Grave Robber (level 4, -3/33 HPs)
             Began as a Hill Orc Necromancer on Dec 21, 2016.
             Slain by a shadow imp (6 damage)
             ... summoned by Natasha
             ... on level 2 of the Dungeon.
             The game lasted 00:03:01 (1621 turns).

ThermosAquaticus the Grave Robber (HONe)            Turns: 1621, Time: 00:03:01

Health: -3/33      AC:  4    Str: 10    XL:     4   Next: 27%
Magic:  0/7        EV: 11    Int: 15    God:
Gold:   138        SH:  0    Dex: 12    Spells: 3/8 levels left

rFire  . . .     SeeInvis .     f - +0 short sword
rCold  . . .     Gourm    .     q - +0 leather armour
rNeg   . . .     Faith    .     (no shield)
rPois  .         Spirit   .     (no helmet)
rElec  .         Reflect  .     (no cloak)
rCorr  .         Harm     .     o - +0 pair of gloves
MR     .....                    (no boots)
Stlth  +.........               (no amulet)
                                (no ring)
                                (no ring)

@: hasted and slowed
A: screaming 1
a: no special abilities


You were on level 2 of the Dungeon.
You were not hungry.

You visited 1 branch of the dungeon, and saw 2 of its levels.

You collected 138 gold pieces.

Inventory:

Hand Weapons
 f - a +0 short sword (weapon)
 j - a +2 vampiric dagger
Armour
 a - a +0 robe
 o - a +0 pair of gloves (worn)
 q - a +0 leather armour (worn)
Scrolls
 d - a scroll of enchant armour {unknown}
 e - 4 scrolls of remove curse {unknown}
 g - 4 scrolls of identify {unknown}
 k - a scroll of fear {unknown}
 l - a scroll of amnesia {unknown}
Books
 b - a book of Necromancy

   Spells                             Type                      Level
   a - Pain                           Necromancy                   1
   b - Animate Skeleton               Necromancy                   1
   c - Vampiric Draining              Necromancy                   3
   d - Regeneration                   Charms/Necromancy            3
   e - Animate Dead                   Necromancy                   4
   f - Control Undead                 Necromancy                   4
Comestibles
 c - a bread ration
 h - a slice of pizza
 m - a beef jerky


   Skills:
 - Level 1.5 Dodging
 - Level 1.5 Stealth
 + Level 2.6 Spellcasting
 + Level 4.8 Necromancy


You had 3 spell levels left.
You knew the following spells:

 Your Spells              Type           Power        Failure   Level  Hunger
a - Pain                  Necr           ###.         4%          1    #......
b - Animate Skeleton      Necr           N/A          4%          1    #......
c - Vampiric Draining     Necr           ###.......   12%         3    ###....


Dungeon Overview and Level Annotations

Branches:
Dungeon (2/15)

Altars:

Annotations:
D:2 Natasha


Innate Abilities, Weirdness & Mutations

You occasionally shout uncontrollably at your foes.


Message History

The shadow imp hits you.
Unknown command.
You closely miss Natasha.
Natasha is heavily wounded.
Natasha claws you!
* * * LOW HITPOINT WARNING * * *
The shadow imp hits you.
* * * LOW HITPOINT WARNING * * *
Natasha completely misses you.
The shadow imp hits you but does no damage.
Casting: Pain
Confirm with . or Enter, or press ? or * to list all spells.
Aiming: Pain
Press: ? - help, Shift-Dir - straight line, f/p - Natasha
Aim: Natasha (heavily wounded, chance to defeat MR: 75%) Natasha writhes in agony!
Natasha closely misses you. The shadow imp hits you.
* * * LOW HITPOINT WARNING * * *
Natasha barely misses you.
It was a potion of haste.
You feel yourself speed up. The shadow imp hits you.
You die...

#.........#
####......#
#......#
#......#
#......#
#......#
#[.....#
#.5....#
#..@...#
#..h...#
####.### .#
.# .# .# ..


You could see Natasha and a shadow imp.

Vanquished Creatures
  Natasha (twice) (D:2)
  An ooze (D:2)
  A worm (D:1)
  2 bats
  4 goblins
  4 hobgoblins
  A kobold (D:2)
  A frilled lizard (D:2)
  2 rats (D:1)
18 creatures vanquished.

Notes
Turn   | Place    | Note
-------+----------+-------------------------------------------
     0 | D:1      | ThermosAquaticus the Hill Orc Necromancer began the quest for the Orb.
     0 | D:1      | Reached XP level 1. HP: 14/14 MP: 3/3
   591 | D:1      | Reached XP level 2. HP: 20/20 MP: 2/4
   595 | D:1      | Learned a level 1 spell: Animate Skeleton
  1169 | D:2      | Noticed Natasha
  1191 | D:2      | Killed Natasha
  1191 | D:2      | Reached XP level 3. HP: 21/26 MP: 0/6
  1306 | D:2      | Noticed Natasha
  1312 | D:2      | Killed Natasha
  1312 | D:2      | Reached XP level 4. HP: 16/33 MP: 0/7
  1543 | D:2      | Learned a level 3 spell: Vampiric Draining
  1608 | D:2      | Noticed Natasha
  1617 | D:2      | Gained mutation: You are weak. (Str -2) [potion of mutation]
  1617 | D:2      | Gained mutation: You occasionally shout uncontrollably at your foes. [potion of mutation]
  1617 | D:2      | Lost mutation: You are weak. (Str -2) [potion of mutation]
  1621 | D:2      | Slain by a shadow imp

Vault maps used:
D:1:      evilmike_arrival_run_for_it
D:2:      uniq_natasha

Skill      XL: |  1  2 |
---------------+-------+-----
Spellcasting   | 2 |  2.6
Dodging        | |  1.5
Stealth        | |  1.5
Necromancy     | |  4.8

Action                   |  1- 3 |  4- 6 || total
-------------------------+-------+-------++-------
Melee: Unarmed           |     1 |       ||     1
       Short sword       |     8 |     1 ||     9
 Cast: Pain              |    36 |    15 ||    51
  Use: Potion            |       |     3 ||     3
  Eat: Chunk             |     2 |     1 ||     3
Armor: Robe              |     2 |       ||     2
       Leather armour    |       |     1 ||     1
Dodge: Dodged            |     6 |     5 ||    11
